Map: Eastwatch LE

Players

kevin - Winner!

  • Race: Protoss Protoss
  • League: Platinum
  • Spawn Location: 1:00

fruitcake

  • Race: Zerg Zerg
  • Spawn Location: 7:00

VOD

Have the link to the VOD?

Description

Time

  • Played on: May 9, 2018, 4:12 p.m.
  • Length: 19:39
Show
View Real Time Build Order
Export as new Build Order

kevin Protoss - Winner!

Build Orders:  

Get SALT Encoding   

  12  0:00  Probe  
  13  0:16  Probe  
  13  0:20  Pylon  
  14  0:24  Probe  
  15  0:36  Probe  
  16  0:45  Gateway  
  16  0:48  Probe  
  17  0:51  Assimilator  
  17  0:57  Probe  
  18  1:05  Probe  
  19  1:15  Probe  
  20  1:18  Assimilator  
  20  1:42  Zealot  
  22  1:47  Gateway  
  22  1:54  Cybernetics Core  
  22  1:56  Pylon  
  22  1:57  Probe  
  23  2:10  Probe  
  24  2:22  Probe  
  25  2:24  Nexus  
  25  2:34  Adept, Probe  
  25  2:37  Adept  
  30  2:40  Warp Gate  
  30  2:49  Pylon  
  30  3:08  Stargate  
  30  3:12  Twilight Council  
  30  3:13  Pylon  
  30  3:18  Probe  
  31  3:27  Adept  
  31  3:30  Probe  
  34  3:34  Stalker  
  34  3:36  Probe  
  37  3:44  Probe  
  38  3:49  Probe  
  38  3:52  Probe  
  39  3:57  Probe  
  39  4:02  Probe  
  41  4:03  Charge  
  42  4:14  Probe  
  43  4:18  Probe  
  43  4:20  Oracle  
  47  4:26  Gateway  
  47  4:27  Probe  
  47  4:28  Probe  
  49  4:35  Probe  
  49  4:45  Probe  
  50  4:48  Pylon  
  50  4:50  Gateway  
  51  4:52  Gateway  
  51  4:54  Probe  
  51  4:57  Gateway  
  51  4:59  Assimilator  
  52  5:00  Oracle  
  52  5:01  Assimilator  
  52  5:02  Probe  
  53  5:11  Probe  
  55  5:26  Robotics Facility  
  55  5:32  Templar Archives  
  55  5:49  Nexus  
  55  5:51  Pylon  
  55  5:53  Pylon  
  52  6:13  Psionic Storm  
  52  6:19  Stalker x2  
  52  6:21  Immortal  
  60  6:31  Pylon  
  60  6:33  Probe  
  60  6:37  Pylon  
  61  6:41  Pylon, Probe x2  
  61  6:46  Assimilator  
  63  6:47  Pylon  
  63  6:49  High Templar x2, Assimilator  
  63  6:50  High Templar  
  63  6:51  Probe  
  63  6:52  Stalker  
  63  6:53  Probe  
  73  7:03  Probe  
  73  7:04  Zealot x2  
  73  7:05  Probe  
  79  7:11  Immortal  
  83  7:18  Probe  
  83  7:19  Probe  
  83  7:20  Forge  
  84  7:23  Forge  
  84  7:28  Probe  
  85  7:30  Probe  
  87  7:37  Probe  
  87  7:41  High Templar x2  
  87  7:42  Probe  
  87  7:43  High Templar  
  95  7:45  Zealot x3  
  101  8:00  Probe, Robotics Bay  
  102  8:08  Probe x2  
  104  8:18  Probe  
  102  8:21  Probe  
  102  8:25  Fleet Beacon  
  102  8:26  Void Ray  
  108  8:28  Probe  
  108  8:29  Stalker  
  108  8:30  Stalker  
  108  8:33  Probe  
  114  8:36  Probe  
  115  8:44  Probe  
  115  8:45  Probe  
  116  8:49  Protoss Ground Weapons Level 1  
  116  8:51  Protoss Ground Armor Level 1  
  117  8:56  Probe  
  117  9:01  Tempest  
  117  9:02  Nexus  
  118  9:03  Pylon  
  118  9:05  Pylon, Protoss Air Weapons Level 1  
  118  9:06  Probe  
  118  9:08  Pylon, Probe  
  120  9:10  Assimilator  
  120  9:14  Assimilator, Stalker  
  123  9:18  Probe  
  117  9:31  Probe  
  118  9:32  Probe  
  119  9:40  Probe  
  119  9:42  Pylon  
  119  9:43  Stalker, Probe  
  119  9:44  Stalker x2  
  119  9:45  Stalker x3  
  133  9:49  Probe  
  134  9:54  Stargate  
  134  9:57  Stargate, Graviton Catapult  
  134  10:01  Probe  
  135  10:20  Mothership  
  143  10:38  Carrier  
  143  10:39  High Templar  
  145  10:43  Carrier  
  151  10:55  Carrier  
  155  11:26  Protoss Air Weapons Level 2  
  155  11:30  Observer  
  156  11:42  Zealot  
  156  11:43  Zealot x5  
  168  11:50  Pylon, Protoss Ground Weapons Level 2  
  168  11:51  Protoss Ground Armor Level 2  
  168  11:52  Pylon  
  168  11:53  Pylon  
  168  11:57  Pylon  
  168  12:03  Tempest  
  168  12:04  Tempest  
  168  12:05  Pylon  
  168  12:07  Pylon  
  168  12:12  Tempest  
  168  12:13  Pylon  
  186  12:32  Carrier  
  186  12:41  Carrier  
  196  13:07  High Templar x2  
  200  13:15  Archon  
  147  13:56  Protoss Shields Level 1  
  147  14:01  Carrier x3  
  147  14:04  Probe  
  147  14:05  Protoss Ground Weapons Level 3  
  148  14:12  Probe  
  167  14:22  Probe  
  167  14:30  High Templar x5  
  178  14:31  Protoss Air Weapons Level 3  
  178  14:34  Probe  
  179  14:46  Probe  
  180  14:58  Assimilator  
  180  15:04  Pylon  
  180  15:05  Pylon  
  180  15:09  Pylon  
  180  15:12  Pylon  
  180  15:18  Pylon  
  180  15:32  Protoss Ground Armor Level 3  
  180  15:37  Shield Battery  
  180  15:39  Shield Battery  
  180  15:42  Shield Battery  
  180  15:45  Shield Battery  
  180  15:48  Shield Battery  
  180  15:51  Shield Battery, Nexus  
  180  15:53  Pylon  
  180  15:56  Pylon  
  180  15:57  Pylon  
  180  15:58  Carrier  
  180  16:00  Assimilator  
  180  16:02  Assimilator  
  180  16:07  Nexus  
  180  16:10  Carrier  
  180  16:11  Pylon  
  186  16:12  High Templar x2, Pylon  
  186  16:14  Protoss Shields Level 2  
  186  16:15  Pylon  
  186  16:17  Archon  
  190  16:18  Assimilator  
  190  16:22  Assimilator  
  190  16:24  High Templar x2  
  200  16:29  Archon  
  200  16:59  Protoss Air Armor Level 1  
  200  17:42  Gateway  
  200  17:43  Gateway  
  200  17:46  Gateway  
  200  18:00  Gateway  
  200  18:04  Gateway  
  200  18:08  Gateway  
  200  18:16  Gateway  
  200  18:18  Gateway  
  200  18:25  Gateway  
  200  18:28  Gateway  
  200  18:32  Gateway  
  200  18:34  Photon Cannon  
  200  18:35  Gateway  
  200  18:36  Photon Cannon  
  200  18:39  Photon Cannon  
  200  18:42  Photon Cannon  
  198  19:02  Pylon  
Show
View Real Time Build Order
Export as new Build Order

fruitcake Zerg 

Build Orders: Pool First 

Get SALT Encoding   

  12  0:01  Drone  
  13  0:08  Drone  
  14  0:27  Spawning Pool  
  13  0:29  Drone  
  14  0:36  Drone, Extractor  
  14  0:44  Overlord  
  14  1:08  Drone  
  14  1:09  Drone  
  16  1:13  Drone  
  17  1:19  Queen  
  17  1:21  Zergling x2  
  20  1:31  Drone  
  21  1:52  Hatchery  
  20  1:59  Drone x2  
  22  2:07  Overlord  
  22  2:22  Overlord  
  22  2:28  Zergling x2, Extractor  
  22  2:34  Lair  
  22  2:42  Spore Crawler, Drone  
  22  2:43  Drone x2  
  24  2:49  Zergling x2  
  25  3:03  Drone  
  26  3:06  Drone  
  26  3:07  Drone  
  28  3:17  Drone  
  28  3:18  Drone  
  30  3:22  Queen  
  30  3:25  Spine Crawler  
  31  3:39  Drone  
  31  3:40  Drone  
  33  3:41  Drone x4  
  37  3:53  Zergling x2  
  37  3:54  Zergling x2  
  39  3:58  Roach Warren  
  38  4:05  Hydralisk Den  
  38  4:06  Drone  
  38  4:10  Evolution Chamber  
  37  4:25  Drone  
  37  4:26  Drone x4  
  42  4:32  Drone  
  43  4:38  Spore Crawler  
  43  4:39  Zerg Missile Weapons Level 1  
  43  4:41  Hydralisk  
  44  4:46  Overlord  
  44  4:53  Extractor  
  44  4:56  Extractor  
  42  5:00  Hydralisk  
  42  5:04  Overlord x2  
  42  5:05  Overlord  
  44  5:10  Overseer  
  44  5:19  Drone x4  
  48  5:29  Spire  
  48  5:34  Overlord  
  48  5:35  Infestation Pit  
  46  5:36  Hydralisk x2  
  46  5:37  Hydralisk  
  46  5:41  Zergling x2  
  53  5:43  Drone x2  
  53  5:46  Drone x2  
  55  6:16  Spore Crawler  
  54  6:20  Drone  
  54  6:21  Spore Crawler, Drone x3  
  54  6:24  Drone x2  
  59  6:29  Grooved Spines  
  59  6:31  Hydralisk x4  
  67  6:38  Drone  
  67  6:39  Drone  
  69  6:40  Drone  
  69  6:44  Hydralisk x2  
  74  7:19  Drone x2  
  74  7:20  Hatchery  
  74  7:21  Corruptor x2  
  74  7:22  Corruptor  
  81  7:31  Mutalisk  
  81  7:34  Overlord x3  
  84  7:37  Zergling x2  
  84  7:52  Zergling x2, Hydralisk x3  
  84  7:53  Zergling x4  
  84  7:55  Hydralisk x2  
  97  7:58  Hydralisk  
  99  8:19  Hydralisk  
  99  8:20  Hydralisk x3  
  99  8:23  Overlord  
  107  8:38  Drone  
  107  8:39  Drone  
  107  8:40  Drone x2, Queen  
  113  8:47  Hydralisk  
  115  8:52  Zerg Flyer Weapons Level 1  
  115  8:54  Zerg Missile Weapons Level 2  
  115  8:59  Hydralisk  
  117  9:12  Hydralisk x2  
  117  9:14  Zergling x2  
  117  9:15  Overlord x3  
  121  9:21  Queen  
  116  9:26  Hydralisk x2  
  116  9:27  Hydralisk x2  
  93  9:32  Zergling x6  
  93  9:33  Zergling x2  
  93  9:36  Infestor  
  93  9:38  Infestor  
  101  9:40  Infestor  
  103  9:47  Drone  
  104  9:56  Queen  
  104  9:57  Extractor  
  105  10:00  Extractor  
  105  10:01  Mutalisk  
  105  10:02  Mutalisk x3  
  112  10:32  Mutalisk  
  112  10:33  Mutalisk x2  
  112  10:35  Hatchery  
  117  10:42  Infestor  
  119  10:53  Spore Crawler  
  118  11:03  Drone x2  
  120  11:05  Mutalisk, Hydralisk x3  
  120  11:06  Hydralisk  
  126  11:20  Mutalisk x2  
  126  11:24  Mutalisk  
  127  11:31  Mutalisk  
  129  11:34  Zergling x4  
  129  11:35  Zergling x18  
  129  11:39  Drone x2  
  142  11:51  Infestor x2  
  146  11:54  Zergling x4  
  148  12:04  Drone  
  148  12:07  Queen  
  151  12:10  Overlord x3  
  151  12:28  Zerg Ground Armor Level 1  
  151  12:30  Hive  
  151  12:31  Zerg Flyer Weapons Level 2  
  151  12:33  Mutalisk x2  
  151  12:36  Mutalisk  
  157  12:51  Hydralisk x5  
  167  13:22  Hydralisk x4  
  167  13:24  Overlord  
  167  13:25  Overlord x2  
  108  13:52  Hydralisk x2  
  108  13:53  Hydralisk x6  
  108  13:54  Hydralisk x8  
  128  14:08  Drone x2  
  130  14:11  Drone  
  130  14:12  Drone  
  132  14:34  Corruptor  
  132  14:35  Corruptor x5  
  132  14:36  Corruptor  
  146  14:41  Drone x2  
  146  14:42  Drone x6  
  146  14:43  Drone  
  155  15:14  Extractor  
  155  15:16  Drone x3, Extractor  
  155  15:17  Drone x2  
  158  15:22  Corruptor x3  
  158  15:23  Corruptor, Infestor x2  
  170  15:42  Infestor x2  
  174  15:53  Hatchery  
  173  15:59  Zerg Flyer Weapons Level 3  
  173  16:17  Drone x2  
  175  16:25  Infestor x2  
  179  16:26  Infestor  
  181  16:33  Overseer  
  181  16:49  Infestor x2  
  185  17:23  Hydralisk x2  
  185  17:24  Hydralisk x4  
  185  17:27  Overlord x2  
  197  17:36  Drone  
  198  17:40  Extractor  
  198  17:41  Extractor  
  198  17:42  Queen  
  198  17:58  Drone x2  
  200  18:02  Spore Crawler  
  199  18:33  Overseer  
  161  18:46  Hydralisk  
  161  18:47  Hydralisk  
  161  18:48  Corruptor, Hydralisk x2  
  77  18:49  Corruptor x5, Hydralisk x6  
  77  18:50  Corruptor x5, Hydralisk x4  
  77  18:51  Hydralisk  
  125  19:01  Zergling x8  
  125  19:02  Zergling x8  
  133  19:03  Zergling x2  
  133  19:04  Zergling x8  
  133  19:05  Zergling x8  
  133  19:06  Zergling x10  
  147  19:23  Overseer  
Tags
 
Add a new tag
Caveats
  • Supply blocks, unpowered buildings, or Contaminate may cause inaccurate times.
  • Supply counts are checked every 10 seconds.